 Dungeon Crawl Stone Soup version 0.22.1-1-ga44c0e56f4 (webtiles) character file.

14 Riddle the Skirmisher (level 2, -1/24 HPs)
             Began as a Formicid Abyssal Knight on Oct 2, 2018.
             Was a Follower of Lugonu.
             Slain by an adder (4 damage)
             ... on level 2 of the Dungeon.
             The game lasted 00:04:17 (883 turns).

Riddle the Skirmisher (Formicid Abyssal Knight)      Turns: 883, Time: 00:04:18

Health: -1/24      AC:  5    Str: 16    XL:     2   Next: 60%
Magic:  3/3        EV:  8    Int: 11    God:    Lugonu [*.....]
Gold:   76         SH:  7    Dex: 10    Spells: 1/1 levels left

rFire    . . .     SeeInvis +   a - +1 mace
rCold    . . .     Gourm    .   d - +0 shield
rNeg     . . .     Faith    .   k - +0 ring mail
rPois    .         Spirit   .   (helmet unavailable)
rElec    .         Reflect  .   (no cloak)
rCorr    .         Harm     .   (no gloves)
MR       .....                  (no boots)
Stlth    +.........             (no amulet)
HPRegen  0.08/turn              (no ring)
MPRegen  0.08/turn              (no ring)

@: no status effects
A: permanent stasis, dig shafts and tunnels, four strong arms, antennae 3
a: Dig, Shaft Self, Depart the Abyss, Renounce Religion


You were on level 2 of the Dungeon.
You worshipped Lugonu.
Lugonu was aware of your devotion.
You were not hungry.

You visited 1 branch of the dungeon, and saw 2 of its levels.
You visited the Abyss 1 time.

You collected 76 gold pieces.

Inventory:

Hand Weapons
 a - a +1 mace (weapon)
Missiles
 j - a throwing net (quivered)
Armour
 d - a +0 shield (worn)
 k - a +0 ring mail (worn)
Scrolls
 b - a scroll of identify {unknown}
 f - 2 scrolls of magic mapping {unknown}
 m - a scroll of random uselessness {unknown}
Potions
 g - a potion of ambrosia {unknown}
 i - a potion of might {unknown}
 l - a potion of agility {unknown}
Miscellaneous
 e - a sack of spiders
Comestibles
 c - a ration
 h - a chunk of flesh


   Skills:
 + Level 3.4 Fighting
 + Level 2.1 Maces & Flails
 + Level 2.3 Armour
 + Level 1.0 Dodging
 + Level 0.7 Stealth
 + Level 0.8 Shields
 + Level 2.4 Invocations


You had one spell level left.
You didn't know any spells.
Your spell library was empty.

Dungeon Overview and Level Annotations

Branches:
Dungeon (2/15)

Altars:


Innate Abilities, Weirdness & Mutations

You cannot be hasted, slowed, berserked, paralysed or teleported.
You can dig through walls and to a lower floor.
Your four strong arms can wield two-handed weapons with a shield.
You have a pair of large antennae on your head. (SInv)


Message History

You retract your mandibles.
A kobold comes into view. It is wielding a short sword.
The kobold shouts!
You hear a shout! x2
A hobgoblin comes into view. It is wielding a club.
The hobgoblin shouts!
The adder hisses angrily.
The kobold hits you with a short sword.
* * * LOW HITPOINT WARNING * * *
A rat comes into view.
You block the adder's attack.
You extend your mandibles.
You dig through the rock wall.
You retract your mandibles.
You hit the adder.
The adder is lightly wounded.
The adder bites you.
* * * LOW HITPOINT WARNING * * *
The adder bites you but does no damage.
You closely miss the adder.
The adder is lightly wounded.
The adder bites you.
You die...

. .# #. ####.
#..###.g. #.....##
###...## !..
#.{.#..# ...#
##K####K### .S..#
#K{#@##K..#
.....##{#S#.#.#.#
.........#.#.##...
.....r###.####
#..#
............###
..#
......%<........{
##
.........!...###
..##........##
##########


You could see an adder.

Vanquished Creatures
  A dart slug (D:1)
  2 leopard geckos (D:1)
  A giant cockroach (D:1)
  2 hobgoblins (D:1)
  2 bats (D:1)
  2 kobolds (D:1)
  A rat (D:1)
11 creatures vanquished.

Notes
Turn   | Place    | Note
-------+----------+-------------------------------------------
     0 | Abyss:1  | Riddle the Formicid Abyssal Knight began the quest for the
                  | Orb.
     0 | Abyss:1  | Reached XP level 1. HP: 18/18 MP: 2/2
    59 | Abyss:2  | Noticed a small abomination
    87 | Abyss:3  | Noticed a green death
    91 | Abyss:3  | Noticed an iron imp
   103 | Abyss:3  | Noticed a large abomination
   115 | Abyss:3  | Noticed a large abomination
   116 | Abyss:3  | Noticed a tentacled starspawn
   120 | Abyss:4  | Found a corrupted altar of Lugonu.
   195 | Abyss:4  | Noticed a starcursed mass
   200 | D:1      | Escaped the Abyss
   321 | D:1      | Noticed an electric eel
   321 | D:1      | Noticed an electric eel
   473 | D:1      | Reached * piety under Lugonu
   473 | D:1      | Reached XP level 2. HP: 24/24 MP: 3/3
   632 | D:1      | Reached skill level 1 in Dodging
   883 | D:2      | Slain by an adder

Skill      XL: |  1  2 |
---------------+-------+-----
Dodging        | 1 |  1.0
Fighting       | |  3.4
Maces & Flails | |  2.1
Armour         | |  2.3
Stealth        | |  0.7
Shields        | |  0.8
Invocations    | |  2.4

Action                   || total
-------------------------++-------
Melee: Mace              ||    32
Invok: Depart the Abyss  ||     1
 Abil: Dig               ||     3
Armor: Leather armour    ||     7
       Scale mail        ||     8
       Ring mail         ||     2
Dodge: Dodged            ||    15
Block: Shield            ||    12
